 Dungeon Crawl Stone Soup version 0.31-a0-115-g4708a659fe (webtiles) character file.

Game seed: 211762998048888093

128 Conn the Firebug (level 5, 0/31 HPs)
             Began as an Octopode Fire Elementalist on May 29, 2023.
             Slain by a goblin
             ... wielding a +0 dagger
             ... led by Robin
              (1 damage)
             ... on level 3 of the Dungeon.
             The game lasted 00:06:34 (2830 turns).

Conn the Firebug (Octopode Fire Elementalist)       Turns: 2830, Time: 00:06:34

Health: 0/31       AC:  1    Str:  5 (8)  XL:     5   Next: 11%
Magic:  3/9        EV: 12    Int: 17 (19) God:
Gold:   189        SH:  4    Dex: 16 (18) Spells: 3/9 levels left

rFire   . . .        c - +0 dagger
rCold   . . .        q - +0 buckler
rNeg    . . .        (helmet restricted)
rPois   .            (no amulet)
rElec   .            s - +6 ring of dexterity
rCorr   .            (no ring)
SInv    .            (no ring)
Will    .....        (no ring)
Stlth   +++          (no ring)
HPRegen 0.25/turn    (no ring)
MPRegen 0.11/turn    (no ring)
                     (no ring)

%: no passive effects
@: attractive
A: almost no armour, amphibious, 8 rings, camouflage 1, gelatinous body 1,
(nimble swimmer 1), tentacles
a: no special abilities


You were on level 3 of the Dungeon.
You visited 1 branch of the dungeon, and saw 3 of its levels.

You collected 189 gold pieces.

Inventory:

Hand Weapons
 c - a +0 dagger (weapon)
 n - a +3 quarterstaff of chaos
Missiles
 d - 3 javelins (quivered)
Armour
 q - a +0 buckler (worn)
Jewellery
 s - a +6 ring of dexterity (left tentacle)
Scrolls
 b - a scroll of vulnerability {unknown}
 e - a scroll of immolation {unknown}
 i - a scroll of blinking {unknown}
 k - a scroll of poison {unknown}
 l - 2 scrolls of enchant weapon {unknown}
 m - a scroll of teleportation {unknown}
 r - a scroll of enchant armour {unknown}
Potions
 f - a potion of degeneration
 g - a potion of enlightenment {unknown}
 h - a potion of brilliance {unknown}
 j - a potion of heal wounds {unknown}
 o - a potion of lignification {unknown}
 p - a potion of haste
 t - a potion of invisibility {unknown}


   Skills:
 + Level 0.7 Short Blades
 + Level 2.1 Dodging
 + Level 3.3 Stealth
 * Level 1.1 Shields
 + Level 2.7 Spellcasting
 * Level 1.6 Conjurations
 + Level 4.2 Fire Magic


You had 3 spell levels left.
You knew the following spells:

 Your Spells              Type           Power      Damage    Failure   Level
a - Foxfire               Conj/Fire      48%        2x1d6     10%         1
b - Scorch                Fire           32%        2d6       9%          2
c - Inner Flame           Hex/Fire       9%         N/A       38%         3

Your spell library contained the following spells:

 Spells                   Type           Power      Damage    Failure   Level
 Volatile Blastmotes      Fire/Tloc      18%        2d11      38%         3
 Flame Wave               Conj/Fire      12%        2d6       69%         4
 Passage of Golubria      Tloc           2%         N/A       97%         4
 Silence                  Hex/Air        1%         N/A       100%        5
 Lehudib's Crystal Spear  Conj/Erth      2%         10d2      100%        8


Dungeon Overview and Level Annotations

Branches:
Dungeon (3/15)

Altars:
Yredelemnul

Annotations:
D:3 Robin


Innate Abilities, Weirdness & Mutations

You cannot wear most types of armour.
You are amphibious.
You can wear up to eight rings at the same time.
Your skin changes colour to match your surroundings (Stealth+).
Your rubbery body absorbs attacks. (AC +1, EV +1)
((You are camouflaged when in or above water. (Stealth+)))
You have tentacles for arms and can constrict up to eight enemies at once.


Message History

Robin throws the goblin at you!
You barely miss the goblin. Your grab misses the goblin.
Your squeeze misses the goblin. The goblin hits you with a +0 club.
You block the goblin's attack. The goblin hits you with a +0 dagger.
Robin zaps a wand.
The puff of flame hits you! You block the goblin's attack.
The goblin attacks as you move away! The goblin closely misses you.
The goblin attacks as you move away! The goblin hits you with a +0 club!
* * * LOW HITPOINT WARNING * * *
The goblin misses you.
Okay, then.
Okay, then.
The goblin attacks as you move away! The goblin closely misses you.
Okay, then.
The goblin no longer looks unusually strong.
The goblin closely misses you.
Okay, then.
Okay, then.
Okay, then.
Unknown command.
Unknown command.
Okay, then.
It was a potion of degeneration.
There was something very wrong with that liquid.
You feel weakened.
You feel dopey.
You feel clumsy.
The goblin no longer looks unusually strong. x2
The goblin hits you with a +0 dagger.
* * * LOW HITPOINT WARNING * * *
Okay, then.
Okay, then.
Unknown command.
Unknown command.
Okay, then.
Okay, then.
It was a potion of attraction.
You feel attractive to monsters. The goblin hits you with a +0 club.
* * * LOW HITPOINT WARNING * * *
The goblin hits you with a +0 dagger.
You die...

#.######.# #.# #........####
#.# ######
######..[...####'######.....
####............##........
###.........#.....##........
#..................#........
#..................###.#####
............................[
...........g@##.....†...###..
...####...)gg##.#....)..'.)..
...######..>g..g........###..
.........................##..
.......................##..
............###........##..
............# #........##..
............# #........##..
............# #....#...#...


You could see 4 goblins.

Vanquished Creatures
  Crazy Yiuf (D:2)
  3 adders
  4 worms
  2 dart slugs (D:3)
  2 orcs
  4 ball pythons
  2 bats
  4 endoplasms
  6 giant cockroaches
  4 goblins
  10 hobgoblins
  A quokka (D:3)
  3 frilled lizards
  2 kobolds
  4 rats
52 creatures vanquished.

Vanquished Creatures (others)
  145 foxfires
145 creatures vanquished.

Grand Total: 197 creatures vanquished

Notes
Turn   | Place    | Note
-------+----------+-------------------------------------------
     0 | D:1      | Conn the Octopode Fire Elementalist began the quest for the
                  | Orb.
     0 | D:1      | Reached XP level 1. HP: 11/11 MP: 3/3
   296 | D:1      | Reached XP level 2. HP: 15/17 MP: 1/5
  1083 | D:2      | Reached XP level 3. HP: 21/21 MP: 0/6
  1980 | D:2      | Found a runed translucent door.
  1981 | D:2      | Noticed Crazy Yiuf
  1986 | D:2      | Learned a level 2 spell: Scorch
  1990 | D:2      | Learned a level 3 spell: Inner Flame
  2307 | D:2      | Killed Crazy Yiuf
  2308 | D:2      | Reached skill level 4 in Fire Magic
  2308 | D:2      | Reached XP level 4. HP: 27/27 MP: 0/8
  2527 | D:3      | Found a basalt altar of Yredelemnul.
  2717 | D:3      | Reached XP level 5. HP: 30/31 MP: 5/9
  2719 | D:3      | Reached skill level 1 in Shields
  2810 | D:3      | Identified the +3 helmet of the World {SInv Stlth+}
  2810 | D:3      | Noticed Robin
  2830 | D:3      | HP: 1/31 [goblin/+0 club (3)]
  2830 | D:3      | Slain by a goblin

Illustrated notes

Levels and vault maps discovered:
D:1:      dpeg_arrival_prison, layout_basic
D:2:      minmay_door_path, layout_loops_cross, uniq_crazy_yiuf_cottage
D:3:      layout_basic, yredelemnul_altar_generic, uniq_robin

Skill      XL: |  1  2  3  4  5 |
---------------+----------------+-----
Stealth        | 3 |  3.3
Fire Magic     | 4 |  4.2
Shields        | 1 |  1.1
Short Blades   | |  0.7
Dodging        | |  2.1
Spellcasting   | |  2.7
Conjurations   | |  1.6

Action                     |  1- 3 |  4- 6 || total
---------------------------+-------+-------++-------
  Melee: Dagger            |    39 |     2 ||    41
         Unarmed           |     3 |       ||     3
         Constrict         |     9 |     1 ||    10
         Tentacles         |     6 |     1 ||     7
  Throw: Throwing net      |     1 |       ||     1
   Cast: Foxfire           |    50 |    37 ||    87
         Scorch            |     3 |       ||     3
    Use: Potion            |     1 |     2 ||     3
   Stab: Sleeping          |     2 |       ||     2
 Armour: Skin              |     6 |     2 ||     8
  Dodge: Dodged            |    34 |    10 ||    44
  Block: Buckler           |       |     2 ||     2

Table legend: (Time is in decaauts)
 A = Elapsed time spent in this place.
 B = Non-inter-level travel time spent in this place.
 C = Inter-level travel time spent in this place.
 D = Time resting spent in this place.
 E = Time spent auto-exploring this place.
 F = Levels seen in this place.
 G = Mean time per level.
                   A        B        C        D        E       F      G
               +--------+--------+--------+--------+--------+-----+--------+
         Total |   2829 |   2763 |     66 |      0 |   2192 |   3 |  943.0 |
       Dungeon |   2829 |   2763 |     66 |      0 |   2192 |   3 |  943.0 |
               +--------+--------+--------+--------+--------+-----+--------+

Top non-repeatable levels by time:
     D:2: 1360 daAuts
     D:1: 1066 daAuts
     D:3: 402 daAuts
